 Dungeon Crawl Stone Soup version 0.20.1-1-g8b1a95d (webtiles) character file.

779 corax the Skirmisher (level 7, -6/56 HPs)
             Began as a Mummy Fighter on Aug 22, 2017.
             Mangled by a gnoll
             ... wielding a +0 halberd
              (9 damage)
             ... on level 6 of the Dungeon.
             The game lasted 00:17:00 (5634 turns).

corax the Skirmisher (Mummy Fighter)                Turns: 5634, Time: 00:17:01

Health: -6/56      AC:  9    Str: 20    XL:     7   Next: 54%
Magic:  7/7        EV:  9    Int:  7    God:
Gold:   288        SH:  7    Dex: 13    Spells: 6/6 levels left

rFire    x . .     SeeInvis .   a - +0 war axe
rCold    + . .     Gourm    .   e - +2 buckler
rNeg     + + +     Faith    .   b - +0 scale mail
rPois    ∞         Spirit   .   (no helmet)
rElec    .         Reflect  .   (no cloak)
rCorr    .         Harm     .   g - +1 pair of gloves
MR       .....                  (no boots)
Stlth    ..........             (no amulet)
Regen    0.2/turn               (no ring)
MPRegen  0.1/turn               (no ring)

@: no status effects
A: no food or potions, fire vulnerability, cold resistance 1, negative energy
resistance 3, torment resistance, unbreathing
a: no special abilities


You were on level 6 of the Dungeon.
You were not hungry.

You visited 1 branch of the dungeon, and saw 6 of its levels.
You also visited: Sewer.

You collected 288 gold pieces.

Inventory:

Hand Weapons
 a - a +0 war axe (weapon)
Armour
 b - a +0 scale mail (worn)
 e - a +2 buckler (worn)
 g - a +1 pair of gloves (worn)
 m - the +1 robe of Existentialism {+Blink rCorr Int+9 Dex-5, unknown}
   (You found it on level 4 of the Dungeon)

   It affects your intelligence (+9).
   It affects your dexterity (-5).
   It lets you blink.
   It protects you from acid and corrosion.
Jewellery
 k - an uncursed ring of flight {unknown}
 l - a +3 amulet of reflection {unknown}
 o - an uncursed ring of ice {unknown}
Scrolls
 c - 3 scrolls of teleportation
 d - a scroll of recharging {unknown}
 f - 3 scrolls of identify {unknown}
 h - 4 scrolls of remove curse {unknown}
 i - a scroll of amnesia {unknown}
 j - a scroll of fear {unknown}
 n - a scroll of enchant weapon {unknown}


   Skills:
 + Level 5.0 Fighting
 + Level 3.9 Axes
 + Level 4.3 Armour
 + Level 4.1 Shields


You had 6 spell levels left.
You didn't know any spells.

Dungeon Overview and Level Annotations

Branches:
Dungeon (6/15)
 Temple: D:4-7

Altars:


Innate Abilities, Weirdness & Mutations

You do not eat or drink.
Your flesh is vulnerable to fire.
You are immune to poison.
Your flesh is cold resistant. (rC+)
You are immune to negative energy. (rN+++)
You are immune to unholy pain and torment.
You can survive without breathing.


Message History

The gnoll hits you but does no damage.
The gnoll hits you from afar with a halberd.
You hit the gnoll.
The gnoll is moderately wounded.
You slash the gnoll! The gnoll hits you with a spear.
* * * LOW HITPOINT WARNING * * *
The gnoll barely misses you.
The gnoll hits you from afar with a halberd.
* * * LOW HITPOINT WARNING * * *
The gnoll hits you but does no damage.
You barely miss the gnoll.
The gnoll is moderately wounded.
You hit the gnoll. The gnoll closely misses you.
The gnoll hits you from afar with a halberd.
* * * LOW HITPOINT WARNING * * *
The gnoll barely misses you.
You slash the gnoll!
The gnoll is almost dead.
You closely miss the gnoll. The gnoll hits you with a halberd!
You die...

. .. .. .#
####.####
#.......#
#.##.##.#
#g##.##.#
#@##.##.#
#g##.##.#
#g##.##.#
#.......#
####.#### #.#
####.####
#.......# ##
#.##.##.###.(..


You could see 3 gnolls.

Vanquished Creatures
  Eustachio (D:4)
  Duvessa (D:5)
  Dowan (D:5)
  A hound (D:4)
  A jelly (D:4)
  An orc priest (D:3)
  A centaur skeleton (D:4)
  A gnoll shaman (D:6)
  2 worker ants
  A worker ant zombie (D:5)
  A gnoll (D:6)
  11 adders
  4 oozes (Sewer)
  2 adder skeletons (D:4)
  9 worms
  3 dart slugs (D:1)
  4 leopard geckos
  12 orcs
  8 bats
  13 giant cockroaches
  5 goblins
  8 hobgoblins
  8 jackals
  A quokka (D:3)
  3 ball pythons
  6 frilled lizards
  A jackal skeleton (D:4)
  3 kobolds
  2 leopard gecko skeletons (D:4)
  6 rats
121 creatures vanquished.

Notes
Turn   | Place    | Note
-------+----------+-------------------------------------------
     0 | D:1      | corax the Mummy Fighter began the quest for the Orb.
     0 | D:1      | Reached XP level 1. HP: 18/18 MP: 1/1
   202 | D:1      | Reached XP level 2. HP: 19/24 MP: 2/2
   648 | D:3      | Reached XP level 3. HP: 29/29 MP: 3/3
   683 | D:3      | Found a glowing drain.
   733 | Sewer    | Entered a sewer
  1026 | Sewer    | Reached XP level 4. HP: 25/36 MP: 4/4
  2004 | D:2      | Found a faded altar of an unknown god.
  2397 | D:2      | Reached XP level 5. HP: 35/42 MP: 5/5
  3405 | D:3      | Reached skill level 4 in Fighting
  3405 | D:3      | Reached XP level 6. HP: 48/48 MP: 6/6
  3798 | D:5      | Entered Level 5 of the Dungeon
  3939 | D:4      | Got a brightly glowing robe
  4171 | D:4      | Noticed Eustachio
  4874 | D:4      | Killed Eustachio
  4874 | D:4      | Reached XP level 7. HP: 34/55 MP: 7/7
  5095 | D:5      | Noticed Dowan
  5096 | D:5      | Noticed Duvessa
  5104 | D:5      | Killed Duvessa
  5117 | D:5      | Killed Dowan
  5431 | D:6      | Reached skill level 5 in Fighting
  5634 | D:6      | Mangled by a gnoll

Skill      XL: |  1  2  3  4  5  6  7 |
---------------+----------------------+-----
Axes           | 2 3 |  3.9
Armour         | 3 4 |  4.3
Shields        | 3 4 |  4.1
Fighting       | 4 5 |  5.0

Action                   |  1- 3 |  4- 6 |  7- 9 || total
-------------------------+-------+-------+-------++-------
Melee: War axe           |   109 |   363 |    55 ||   527
  Use: Scroll            |       |     3 |       ||     3
Armor: Scale mail        |    54 |   248 |    35 ||   337
Dodge: Dodged            |    72 |   209 |    41 ||   322
Block: Buckler           |    28 |   207 |    21 ||   256
